[Event "*** Titled Tuesday Blitz"]
[Site "Chess.com"]
[Date "2020.04.07"]
[Round "4"]
[White "TheCavemanChesss"]
[Black "Konavets"]
[Result "1-0"]
[WhiteElo "2621"]
[BlackElo "3003"]
[TimeControl "180+1"]
[EndTime "13:38:18 PDT"]
[Termination "TheCavemanChesss won by checkmate"]

1. e4 c5 2. Nf3 e6 3. d4 cxd4 4. Nxd4 Nc6 5. Nc3 Qc7 6. Be3 Nf6 7. f4 d6 8. Qd2 a6 9. O-O-O Be7 10. Be2 Bd7 11.
g4 Nxd4 12. Qxd4 Bc6 13. g5 e5 14. Qd3 Nd7 15. f5 Rc8 16. Kb1 b5 17. h4 b4 18.
Nd5 Bxd5 19. exd5 a5 20. h5 h6 21. f6 gxf6 22. g6 fxg6 23. Qxg6+ Kd8 24. Bg4 Qc4 25.
Bf5 a4 26. Qg7 Re8 27. Rd3 Qxc2+ 28. Ka1 a3 29. Rb1 b3 30. Qg4 bxa2 31. Kxa2 axb2 32. Bxd7 Ra8+ 33. Ra3 Rxa3+ 34. Kxa3 Qxb1 35. Bb6# 1-0

[Event "*** Titled Tuesday Blitz"]
[Site "Chess.com"]
[Date "2020.04.07"]
[Round "4"]
[White "pirulillo"]
[Black "Filip_Covic"]
[Result "0-1"]
[WhiteElo "2159"]
[BlackElo "2341"]
[TimeControl "180+1"]
[EndTime "13:38:18 PDT"]
[Termination "Filip_Covic won by resignation"]

1. e4 c5 2. Nf3 Nc6 3. Bb5 g6 4.
Bxc6 dxc6 5. d3 Bg7 6. h3 Nf6 7. O-O Nd7 8. Nc3 e5 9. Be3 b6 10. Qd2 h6 11. a3 Nf8 12. b4 Ne6 13. Ne2 f5 14. Qc3 f4 15. Bc1 Nd4 16. Nexd4 exd4 17. Qc4 g5 18. bxc5 b5 19. Qb3 h5 20. Bb2 g4 21.
hxg4 hxg4 22. Nd2 Qh4 0-1

[Event "*** Titled Tuesday Blitz"]
[Site "Chess.com"]
[Date "2020.04.07"]
[Round "4"]
[White "Schachspielerr"]
[Black "DanielRensch"]
[Result "0-1"]
[WhiteElo "2707"]
[BlackElo "2538"]
[TimeControl "180+1"]
[EndTime "13:38:19 PDT"]
[Termination "DanielRensch won by resignation"]

1. d4 Nf6 2. c4 e6 3. Nc3 Bb4 4. e3 O-O 5. Ne2 c5 6. a3 cxd4 7. Qxd4 Nc6 8. Qd1 Be7 9. b4 d5 10. cxd5 exd5 11. Bb2 Bg4 12. h3 Bh5 13. Qd2 Ne5 14. Nf4 Bg6 15. Ncxd5 Nxd5 16. Nxd5 Nd3+ 17. Bxd3 Qxd5 18. Bxg6 Qxg2 19. Bxh7+ Kxh7 20. O-O-O Rfd8 21. Qc2+ g6 22. Kb1 Qf3 23. Qc3 Rxd1+ 24. Kc2 Qe2+ 0-1

[Event "*** Titled Tuesday Blitz"]
[Site "Chess.com"]
[Date "2020.04.07"]
[Round "4"]
[White "marianokar"]
[Black "GianmarcoVaR"]
[Result "0-1"]
[WhiteElo "2363"]
[BlackElo "2631"]
[TimeControl "180+1"]
[EndTime "13:38:21 PDT"]
[Termination "GianmarcoVaR won by resignation"]

1. Nf3 Nf6 2. c4 e6 3. d4 d5 4.
g3 dxc4 5. Bg2 a6 6. O-O Nc6 7. Bg5 Be7 8. e3 Rb8 9. Nfd2 e5 10.
Bxc6+ bxc6 11. dxe5 Ng4 12. Bxe7 Qxe7 13. Nxc4 Nxe5 14.
Nbd2 Bh3 15. Re1 Nxc4 16. Nxc4 Qe4 0-1

[Event "*** Titled Tuesday Blitz"]
[Site "Chess.com"]
[Date "2020.04.07"]
[Round "4"]
[White "FrankieJay"]
[Black "AndreyNeves"]
[Result "0-1"]
[WhiteElo "2393"]
[BlackElo "2195"]
[TimeControl "180+1"]
[EndTime "13:38:21 PDT"]
[Termination "AndreyNeves won by resignation"]

1. e4 c5 2. Nf3 Nc6 3. d4 cxd4 4. Nxd4 Nf6 5. Nc3 e5 6. Ndb5 d6 7. Bg5 a6 8. Na3 b5 9. Nd5 Be7 10. Bxf6 Bxf6 11. c3 Rb8 12. Nc2 O-O 13.
a4 Bg5 14. axb5 axb5 15. Ncb4 Nxb4 16. cxb4 f5 17. Bd3 f4 18. Ra7 Be6 19. h4 Bf6 20. Qe2 Ra8 21. Rxa8 Qxa8 22. Nxf6+ Rxf6 23. O-O f3 24. gxf3 Qf8 25. Bxb5 Rg6+ 26. Kh1 Qf4 0-1

[Event "*** Titled Tuesday Blitz"]
[Site "Chess.com"]
[Date "2020.04.07"]
[Round "4"]
[White "wild_cat99"]
[Black "Trickov"]
[Result "1-0"]
[WhiteElo "2522"]
[BlackElo "2239"]
[TimeControl "180+1"]
[EndTime "13:38:22 PDT"]
[Termination "wild_cat99 won by resignation"]

1. Nf3 d5 2. e3 Nf6 3. c4 c6 4.
Nc3 Bf5 5. cxd5 cxd5 6. Qb3 Qb6 7. Nxd5 Qxb3 8. Nxf6+ exf6 9. axb3 Nc6 10. Bb5 Bd7 11. d4 a6 12. Bc4 Rc8 13. O-O Bd6 14. Bd2 O-O 15. h3 Rfe8 16. Rfc1 h6 17. Bd3 Be6 18. e4 Nb4 19. Bc4 Bxc4 20. bxc4 Rxe4 21. c5 Bf4 22. Bxb4 Bxc1 23. Rxc1 Re2 24. Bc3 Rd8 25. Kf1 Re4 26. Rd1 Rd5 27. Nd2 Re8 28. Nc4 f5 29.
Ne3 Rdd8 30. Nxf5 f6 31. d5 Kf7 32. Nd6+ 1-0

[Event "*** Titled Tuesday Blitz"]
[Site "Chess.com"]
[Date "2020.04.07"]
[Round "4"]
[White "JustKid"]
[Black "Vaathi_Coming"]
[Result "0-1"]
[WhiteElo "2582"]
[BlackElo "2841"]
[TimeControl "180+1"]
[EndTime "13:38:24 PDT"]
[Termination "Vaathi_Coming won by checkmate"]

1. d4 d5 2. Bf4 Nf6 3. e3 Bf5 4. Nf3 e6 5. c4 Bxb1 6. Rxb1 Bb4+ 7. Ke2 O-O 8. c5 c6 9. g3 Ba5 10. b4 Bc7 11. Bg2 Nbd7 12. b5 Ne4 13. Qc2 Bxf4 14. gxf4 Qa5 15. Rhc1 cxb5 16. Ne5 Nef6 17. Nxd7 Nxd7 18.
c6 Rac8 19. c7 Nb6 20. Qb3 Nc4 21. Qxb5 Qxa2+ 22. Kd3 Qd2# 0-1

[Event "*** Titled Tuesday Blitz"]
[Site "Chess.com"]
[Date "2020.04.07"]
[Round "4"]
[White "vovachesss"]
[Black "Unknown_IM"]
[Result "0-1"]
[WhiteElo "2624"]
[BlackElo "2464"]
[TimeControl "180+1"]
[EndTime "13:38:27 PDT"]
[Termination "Unknown_IM won by checkmate"]

1. g4 d5 2. Bg2 c6 3. c4 e6 4. Nf3 h6 5. O-O Nf6 6. h3 Bd6 7. b3 O-O 8. Bb2 Nbd7 9. d3 Qe7 10. Qc2 b6 11. e4 Bf4 12. Re1 dxe4 13. dxe4 e5 14. Ba3 Nc5 15. b4 Ne6 16. b5 c5 17. Nc3 Bb7 18. Nd5 Nxd5 19. exd5 Ng5 20. Nxe5 Bxe5 21. f4 Bd4+ 22. Kh1 Qd6 23. fxg5 Bxa1 24.
Rxa1 hxg5 25. Bb2 Rfe8 26. Rf1 Re3 27. Qf5 f6 28. Be4 Rxh3+ 29. Kg2 Qh2# 0-1

[Event "*** Titled Tuesday Blitz"]
[Site "Chess.com"]
[Date "2020.04.07"]
[Round "4"]
[White "SavelijTartakover"]
[Black "AsselLesbekova"]
[Result "1-0"]
[WhiteElo "2628"]
[BlackElo "2308"]
[TimeControl "180+1"]
[EndTime "13:38:31 PDT"]
[Termination "SavelijTartakover won by resignation"]

1. d4 f5 2. Bf4 d6 3. Nc3 Nf6 4. e3 g6 5. h4 Bg7 6. h5 Nc6 7. hxg6 hxg6 8. Rxh8+ Bxh8 9. Bc4 d5 10. Bb5 Nh5 11.
Nh3 Nxf4 12. Nxf4 e6 13. Nxg6 Qg5 14. Nxh8 Qh6 15. Kd2 Qxh8 16. Qh1 Qf6 17. Qh5+ Qf7 18. Rh1 Qxh5 19. Rxh5 Kd7 20. Rh7+ Kd6 21. Rh8 a6 22.
Bxc6 bxc6 23. Na4 Bb7 24. Rxa8 Bxa8 25. Nc5 a5 26. f4 Ke7 27. Kc3 Kd8 28. Nxe6+ 1-0

[Event "*** Titled Tuesday Blitz"]
[Site "Chess.com"]
[Date "2020.04.07"]
[Round "4"]
[White "Grandmasta23"]
[Black "abhidabhi"]
[Result "0-1"]
[WhiteElo "2372"]
[BlackElo "2741"]
[TimeControl "180+1"]
[EndTime "13:38:33 PDT"]
[Termination "abhidabhi won by resignation"]

1. e4 e5 2. Nf3 Nc6 3. Bb5 a6 4. Ba4 Nf6 5. d3 d6 6. O-O g6 7. c3 Bg7 8. Nbd2 O-O 9. Qe1 Nd7 10.
Bxc6 bxc6 11. d4 exd4 12. cxd4 Re8 13. Qd1 a5 14. Qc2 Ba6 15. Re1 c5 16. Nb3 a4 17. Na5 Bb5 18. Bd2 cxd4 19. Rac1 c5 20. Nc4 Nb6 21. b3 axb3 22. axb3 Nxc4 23. bxc4 Bc6 24. Rb1 Qd7 25. Rb6 Qc7 26. Rb2 d3 0-1

[Event "*** Titled Tuesday Blitz"]
[Site "Chess.com"]
[Date "2020.04.07"]
[Round "4"]
[White "Magician4MA"]
[Black "Nathan_Filgueiras"]
[Result "1-0"]
[WhiteElo "2480"]
[BlackElo "2307"]
[TimeControl "180+1"]
[EndTime "13:38:34 PDT"]
[Termination "Magician4MA won by resignation"]

1. e4 c5 2. Nf3 Nc6 3. d4 cxd4 4. Nxd4 e5 5. Nb5 d6 6. Bc4 Nf6 7. Bg5 Be7 8. Bxf6 gxf6 9. Qh5 O-O 10. O-O Be6 11. Nd2 a6 12. Nc3 Qd7 13. f4 exf4 14.
Rxf4 Ne5 15. Rh4 1-0

[Event "*** Titled Tuesday Blitz"]
[Site "Chess.com"]
[Date "2020.04.07"]
[Round "4"]
[White "VerdeNotte"]
[Black "AleksanderHnydiuk"]
[Result "1-0"]
[WhiteElo "2747"]
[BlackElo "2564"]
[TimeControl "180+1"]
[EndTime "13:38:37 PDT"]
[Termination "VerdeNotte won by resignation"]

1. e4 Nf6 2. e5 Nd5 3. c4 Nb6 4. d4 d6 5. f4 dxe5 6. fxe5 Nc6 7. Be3 Bf5 8. Nc3 e6 9. Nf3 Be7 10. Be2 O-O 11. O-O f6 12. exf6 Bxf6 13. b3 Qe7 14.
Qe1 Rad8 15. Rd1 h6 16. Qg3 Kh8 17. Nb5 Rd7 18. Bc1 Be4 19. Ba3 Nb4 20. Ne5 Bxe5 21.
Rxf8+ Qxf8 22. Qxe5 Bc6 23. Rf1 Qe7 24. Qc5 Qxc5 25. dxc5 Bxb5 26. cxb6 1-0

[Event "*** Titled Tuesday Blitz"]
[Site "Chess.com"]
[Date "2020.04.07"]
[Round "4"]
[White "googlegoom"]
[Black "Carnivoras"]
[Result "1/2-1/2"]
[WhiteElo "2410"]
[BlackElo "2616"]
[TimeControl "180+1"]
[EndTime "13:38:38 PDT"]
[Termination "Game drawn by agreement"]

1. Nf3 d5 2. b3 c5 3. Bb2 Nc6 4.
e3 Nf6 5. Be2 Bf5 6. O-O e6 7.
d4 Be7 8. a3 O-O 9. dxc5 Bxc5 10.
b4 Bd6 11. Nbd2 Rc8 12. c4 dxc4 13. Nxc4 Bb8 14. Qxd8 Rfxd8 15. Rfd1 Ne4 16. Rxd8+ Rxd8 17. Rd1 Rxd1+ 18. Bxd1 a6 19. Nd4 Nxd4 20. Bxd4 Nd6 21. Na5 Bc7 22. Be5 Bxa5 23. Bxd6 Bd8 24. Bf3 b6 25. Bb7 a5 26. Kf1 f6 27. e4 Bg6 28.
Bc6 Kf7 29. Ke2 Be7 30. Bc7 1/2-1/2

[Event "*** Titled Tuesday Blitz"]
[Site "Chess.com"]
[Date "2020.04.07"]
[Round "4"]
[White "DrMelekess"]
[Black "bait_or_mate"]
[Result "1-0"]
[WhiteElo "2715"]
[BlackElo "2510"]
[TimeControl "180+1"]
[EndTime "13:38:41 PDT"]
[Termination "DrMelekess won by resignation"]

1. d4 Nf6 2. Nf3 d5 3. e3 e6 4.
c4 a6 5. b3 Nbd7 6. Bd3 b6 7.
O-O Bb7 8. Bb2 Bd6 9. Nbd2 Ne4 10.
Qc2 f5 11. cxd5 exd5 12. Ne5 O-O 13. f3 Nxd2 14. Qxd2 g6 15. Rac1 c5 16. Nxd7 Qxd7 17. dxc5 bxc5 18. Qc3 d4 19. exd4 Be7 20. Bc4+ Kg7 21.
dxc5+ Bf6 22. Qc2 Rac8 23. b4 a5 24. a3 Bc6 25. Bxf6+ Rxf6 26. Rcd1 Qb7 27. Qc3 axb4 28. axb4 Rf8 29. Rd6 Ba4 30. Re1 h5 31. Ree6 1-0

[Event "*** Titled Tuesday Blitz"]
[Site "Chess.com"]
[Date "2020.04.07"]
[Round "4"]
[White "The_Machine04"]
[Black "DryCounty"]
[Result "0-1"]
[WhiteElo "2380"]
[BlackElo "2599"]
[TimeControl "180+1"]
[EndTime "13:38:41 PDT"]
[Termination "DryCounty won by resignation"]

1. d4 Nf6 2. Bg5 Ne4 3. Bf4 c5 4. f3 Qa5+ 5. c3 Nf6 6. d5 Qb6 7. Bc1 e6 8. e4 c4 9. Bxc4 Bc5 10.
Ne2 exd5 11. exd5 O-O 12. a4 a5 13. Kf1 d6 14. Ng3 Nbd7 15. Bf4 Re8 16. b3 Ne5 17.
Bxe5 Rxe5 18. Qd3 Bd7 19. Nd2 Re3 20. Qc2 Rae8 21. Nde4 Nxe4 22. fxe4 Qd8 23. Be2 Qf6+ 24. Bf3 Rxc3 25. Qd1 Bg4 26. Nf5 Bxf5 27. exf5 Qh4 28. g3 Qh3+ 0-1

[Event "*** Titled Tuesday Blitz"]
[Site "Chess.com"]
[Date "2020.04.07"]
[Round "4"]
[White "vizumatv4hoda"]
[Black "harvsp123"]
[Result "0-1"]
[WhiteElo "2721"]
[BlackElo "2544"]
[TimeControl "180+1"]
[EndTime "13:38:43 PDT"]
[Termination "harvsp123 won by checkmate"]

1. e4 c5 2. c3 Nf6 3. e5 Nd5 4. d4 cxd4 5. Nf3 Nc6 6. cxd4 d6 7. Bc4 dxe5 8. Bxd5 Qxd5 9. Nc3 Qd6 10. d5 Nd4 11.
Nxd4 exd4 12. Qxd4 e5 13. Qe4 f5 14. Qe2 Be7 15. O-O O-O 16. Re1 Bf6 17. Nb5 Qd7 18. d6 a6 19. Qc4+ Kh8 20. Nc7 Rb8 21. Be3 Qxd6 22.
Rad1 Qc6 23. Qb4 Bd7 24. Nd5 Rbe8 25. Nxf6 Rxf6 26. Rd6 Rxd6 27. h4 Qd5 28. h5 Bc6 29. f3 h6 30. Qb6 Rd7 31. Bf2 e4 32. Qe3 Qd2 33. Qc5 e3 34. Rxe3 Rxe3 35. Bxe3 Qe1+ 36. Kh2 Qh4+ 37. Kg1 Rd1# 0-1

[Event "*** Titled Tuesday Blitz"]
[Site "Chess.com"]
[Date "2020.04.07"]
[Round "4"]
[White "Ovsiannikov_Maxim"]
[Black "boasovietica"]
[Result "0-1"]
[WhiteElo "2213"]
[BlackElo "2428"]
[TimeControl "180+1"]
[EndTime "13:38:43 PDT"]
[Termination "boasovietica won by resignation"]

1. d4 Nf6 2. Bg5 e6 3. Nf3 c5 4.
Nc3 cxd4 5. Nxd4 Nc6 6. e4 d6 7.
Bb5 Bd7 8. Bxc6 Bxc6 9. f4 Be7 10. O-O Qb6 11. Kh1 Nxe4 12. Nxe4 Bxe4 13. Bxe7 Kxe7 14.
Re1 d5 15. Qg4 Qxd4 16. c3 Qf6 17. Rad1 Rhd8 18. Qe2 Kf8 19. Qb5 Qe7 20. Qa5 b6 21. Qb5 h5 22. h3 g6 23. Kh2 Kg7 24. a4 Rac8 25. Re3 Rc5 26. Qb4 Rdc8 27. g4 hxg4 28. Rg1 Qh4 29. Reg3 gxh3 30. Qd4+ Qf6 31. Qe3 Bf5 32.
Rg5 Rc4 33. Qg3 Re4 34. Qh4 Re2+ 35. Kh1 Be4+ 0-1

[Event "*** Titled Tuesday Blitz"]
[Site "Chess.com"]
[Date "2020.04.07"]
[Round "4"]
[White "Tomytoteph"]
[Black "Skatchkov_V"]
[Result "0-1"]
[WhiteElo "2331"]
[BlackElo "2540"]
[TimeControl "180+1"]
[EndTime "13:38:46 PDT"]
[Termination "Skatchkov_V won by resignation"]

1. d4 Nf6 2. Nf3 e6 3. c4 b6 4. g3 Bb7 5. Bg2 Be7 6. O-O O-O 7. b3 d5 8. cxd5 exd5 9. Bb2 Nbd7 10. Nbd2 Re8 11.
Ne5 Bd6 12. Ndf3 Ne4 13. Rc1 c5 14. e3 Ndf6 15. Qe2 Rc8 16. Rfd1 h6 17. Qb5 a6 18. Qe2 Qe7 19. h3 Red8 20. Nd3 c4 21. bxc4 dxc4 22.
Nde5 b5 23. Ba1 c3 24. Nd3 b4 25. Nfe5 a5 26. f3 Nxg3 27. Qf2 Nf5 28. e4 Nxd4 29. Qxd4 Bc5 30. Nxc5 Rxd4 31. Rxd4 Qxc5 32. Rd1 Rd8 0-1

[Event "*** Titled Tuesday Blitz"]
[Site "Chess.com"]
[Date "2020.04.07"]
[Round "4"]
[White "IMUltimateBeast"]
[Black "Training_Day"]
[Result "1-0"]
[WhiteElo "2630"]
[BlackElo "2328"]
[TimeControl "180+1"]
[EndTime "13:38:50 PDT"]
[Termination "IMUltimateBeast won by resignation"]

1. d4 Nf6 2. Bf4 d5 3. e3 c5 4. c3 Nc6 5. Nd2 Bf5 6. Ngf3 e6 7.
Qb3 Qc8 8. Bb5 c4 9. Qa4 a6 10. Bxc6+ Qxc6 11. Qxc6+ bxc6 12. h3 Be7 13. Ne5 c5 14. dxc5 Bxc5 15. g4 Bc2 16. Rc1 Ba4 17. b3 cxb3 18. axb3 Bd7 19. O-O Ke7 20. Nd3 Bd6 21.
Bxd6+ Kxd6 22. Rfd1 Rhc8 23. c4 Ke7 24. Ne5 Be8 25. Ra1 g5 26. Ra5 Rd8 27. Ndf3 h6 28. Nd4 Rd6 29. c5 1-0

[Event "*** Titled Tuesday Blitz"]
[Site "Chess.com"]
[Date "2020.04.07"]
[Round "4"]
[White "Th3ChessViking"]
[Black "ajkom197"]
[Result "0-1"]
[WhiteElo "2517"]
[BlackElo "2319"]
[TimeControl "180+1"]
[EndTime "13:38:52 PDT"]
[Termination "ajkom197 won by resignation"]

1. d4 d5 2. Bf4 c5 3. e3 Nc6 4. c3 cxd4 5. exd4 Nf6 6. Nd2 Bg4 7. Qb3 Qc8 8. h3 Bh5 9. Ngf3 e6 10. Bd3 Be7 11. O-O O-O 12. Rae1 a6 13. Re3 b5 14. Ne5 Nxe5 15. Bxe5 Bg6 16. Bxg6 hxg6 17. Bxf6 Bxf6 18. f4 Qc6 19. Nf3 a5 20. g4 Qc4 21. Qc2 Rfc8 22. g5 Bxd4 23. Nxd4 Qxd4 24. Qf2 Qc5 25. h4 d4 26.
cxd4 Qxd4 27. h5 gxh5 28. f5 Rc2 29. Qxc2 Qxe3+ 30. Kg2 Qxg5+ 31. Kh2 Qh4+ 0-1

[Event "*** Titled Tuesday Blitz"]
[Site "Chess.com"]
[Date "2020.04.07"]
[Round "4"]
[White "vladimirdamjanovic"]
[Black "Zurability"]
[Result "1-0"]
[WhiteElo "2518"]
[BlackElo "2667"]
[TimeControl "180+1"]
[EndTime "13:38:53 PDT"]
[Termination "vladimirdamjanovic won by checkmate"]

1. d4 Nf6 2. c4 e6 3. Nc3 Bb4 4. f3 Bxc3+ 5. bxc3 d5 6. cxd5 exd5 7. e3 O-O 8. Bd3 c5 9. Ne2 b6 10. O-O Ba6 11. Ng3 Re8 12. Bb2 Rxe3 13. Bxa6 Nxa6 14.
Nf5 Re6 15. a4 Qd7 16. a5 Rae8 17. axb6 Rxb6 18. Qc2 g6 19. Nh6+ Kg7 20. Qd2 cxd4 21.
cxd4 Nb4 22. Ng4 Qb5 23. Rxa7 Re2 24. Qh6+ Kg8 25. Ba3 Ne8 26. h4 Nc6 27. Qf8# 1-0

[Event "*** Titled Tuesday Blitz"]
[Site "Chess.com"]
[Date "2020.04.07"]
[Round "4"]
[White "IwkooO"]
[Black "mbachez"]
[Result "0-1"]
[WhiteElo "2544"]
[BlackElo "2365"]
[TimeControl "180+1"]
[EndTime "13:38:54 PDT"]
[Termination "mbachez won by checkmate"]

1. e4 e6 2. d4 d5 3. Nd2 h6 4.
Ngf3 Nf6 5. Bd3 c5 6. dxc5 Bxc5 7.
Qe2 Nc6 8. O-O Qc7 9. c3 Bb6 10. exd5 Nxd5 11. Nc4 O-O 12. Nxb6 axb6 13. Qe4 Nf6 14.
Qh4 Ra5 15. Bf4 Qe7 16. Be3 Rh5 17. Qg3 e5 18. Be2 Ne4 19. Nd2 Nxg3 20. hxg3 Rf5 21. Bxb6 e4 22. g4 Rd5 23. Be3 Rfd8 24. Nc4 Ne5 25.
Nb6 Bxg4 26. Nxd5 Rxd5 27. Rfe1 Bxe2 28. Rxe2 Qh4 29. Bb6 Nf3+ 30. gxf3 Rg5+ 31. Kf1 Qh1# 0-1

[Event "*** Titled Tuesday Blitz"]
[Site "Chess.com"]
[Date "2020.04.07"]
[Round "4"]
[White "mshuaau0"]
[Black "Willychess95"]
[Result "0-1"]
[WhiteElo "2216"]
[BlackElo "2616"]
[TimeControl "180+1"]
[EndTime "13:38:55 PDT"]
[Termination "Willychess95 won by resignation"]

1. e4 c5 2. Nf3 d6 3. d4 cxd4 4. Nxd4 Nf6 5. Nc3 g6 6. Be3 a6 7.
f3 b5 8. Qd2 Bb7 9. g4 Bg7 10. g5 Nfd7 11. O-O-O Nb6 12. h4 N8d7 13. h5 Rg8 14. hxg6 hxg6 15. Bg2 Nc4 16. Qf2 Nxe3 17. Qxe3 Nb6 18. f4 Nc4 19. Qf2 Qb6 20. Nd5 Bxd5 21. exd5 Qa5 22. a3 Rc8 23. Rh7 b4 24. Rxg7 Rxg7 25.
Nc6 Rxc6 26. dxc6 bxa3 27. c7 axb2+ 0-1

[Event "*** Titled Tuesday Blitz"]
[Site "Chess.com"]
[Date "2020.04.07"]
[Round "4"]
[White "Gabix_94"]
[Black "Atakishiyev04"]
[Result "1-0"]
[WhiteElo "2891"]
[BlackElo "2651"]
[TimeControl "180+1"]
[EndTime "13:38:58 PDT"]
[Termination "Gabix_94 won by resignation"]

1. d4 Nf6 2. c4 g6 3. Nc3 d5 4. cxd5 Nxd5 5. e4 Nxc3 6. bxc3 Bg7 7. Bc4 c5 8. Ne2 Nc6 9. Be3 O-O 10. h4 Qa5 11.
O-O b6 12. Rc1 Ba6 13. Bxa6 Qxa6 14. h5 Rad8 15. h6 Bh8 16. Qd2 Qa4 17. Rfd1 Na5 18.
Bg5 Rd7 19. Qe3 Rfd8 20. e5 Qxa2 21. Nf4 Nb3 22. e6 Nxc1 23. exd7 f6 24. Qxe7 fxg5 25. Qxd8+ Kf7 26. Qe8+ Kf6 27. d8=Q+ 1-0

[Event "*** Titled Tuesday Blitz"]
[Site "Chess.com"]
[Date "2020.04.07"]
[Round "4"]
[White "malandragem"]
[Black "Jabberwockiez"]
[Result "1-0"]
[WhiteElo "2477"]
[BlackElo "2298"]
[TimeControl "180+1"]
[EndTime "13:38:58 PDT"]
[Termination "malandragem won by resignation"]

1. e4 c5 2. Nc3 Nc6 3. Nge2 g6 4. g3 Bg7 5. Bg2 e6 6. d3 Nge7 7. Bg5 O-O 8. Qd2 d5 9. Bh6 d4 10. Nd1 f5 11. Bxg7 Kxg7 12. f4 e5 13. Nf2 c4 14.
O-O Be6 15. Rae1 cxd3 16. Nxd3 fxe4 17. Bxe4 Nd5 18. fxe5 Ne3 19. Rxf8 Qxf8 20. Bxc6 bxc6 21. Nxd4 Bh3 22. Qxe3 c5 23. Nf3 c4 24. Nf4 Bg4 25. Ng5 Kh8 26. e6 Qe7 27. Nf7+ Kg7 28. Nd5 Qxe6 29.
Qd4+ Kxf7 30. Rxe6 Bxe6 31. Qf6+ Kg8 32. Qxe6+ Kg7 33. Qf6+ Kh6 34. g4 1-0

[Event "*** Titled Tuesday Blitz"]
[Site "Chess.com"]
[Date "2020.04.07"]
[Round "4"]
[White "elohunter1999"]
[Black "Vugar_Manafov"]
[Result "0-1"]
[WhiteElo "2473"]
[BlackElo "2675"]
[TimeControl "180+1"]
[EndTime "13:39:01 PDT"]
[Termination "Vugar_Manafov won by resignation"]

1. e4 Nf6 2. e5 Nd5 3. d4 d6 4.
Nf3 Nb6 5. a4 a5 6. Nc3 g6 7. h4 h5 8. Bf4 Bg7 9. Bd3 Bg4 10. Qd2 Nc6 11. Bb5 O-O 12. exd6 cxd6 13. d5 Bxf3 14. gxf3 Nd4 15. O-O-O Nxb5 16. Nxb5 Nc4 17.
Qe2 Nxb2 18. Rde1 Rc8 19. Qxe7 Nd3+ 20. Kd2 Qxe7 21. Rxe7 Nxf4 22. Nxd6 Rcd8 23. Nxb7 Rxd5+ 24. Ke3 Bh6 25. c4 Rd3+ 26. Ke4 Rd2 27. Re1 f5+ 28.
Ke5 Nd3+ 0-1

[Event "*** Titled Tuesday Blitz"]
[Site "Chess.com"]
[Date "2020.04.07"]
[Round "4"]
[White "Rumpel-VK"]
[Black "GuerrieroFromLevant"]
[Result "0-1"]
[WhiteElo "2564"]
[BlackElo "2332"]
[TimeControl "180+1"]
[EndTime "13:39:07 PDT"]
[Termination "GuerrieroFromLevant won on time"]

1. e4 e6 2. d4 d5 3. exd5 exd5 4. Nf3 Nf6 5. Bd3 c5 6. dxc5 Bxc5 7. O-O O-O 8. Bg5 Nc6 9. Nc3 d4 10. Ne4 Be7 11.
Bxf6 Bxf6 12. h3 Re8 13. Re1 Bd7 14. a3 h6 15. Qd2 Be7 16. Qf4 Qb8 17. Qxb8 Raxb8 18.
Re2 f5 19. Ng3 g6 20. Ne5 Nxe5 21. Rxe5 Bf6 22. Rxe8+ Rxe8 23. Ne2 Kg7 24. Rd1 Bc6 25. Bc4 b5 26. Bb3 Rxe2 0-1

[Event "*** Titled Tuesday Blitz"]
[Site "Chess.com"]
[Date "2020.04.07"]
[Round "4"]
[White "stasiek18"]
[Black "stefan_95"]
[Result "0-1"]
[WhiteElo "2409"]
[BlackElo "2634"]
[TimeControl "180+1"]
[EndTime "13:39:07 PDT"]
[Termination "stefan_95 won on time"]

1. d4 Nf6 2. Bg5 d5 3. Bxf6 exf6 4. e3 Bd6 5. g3 f5 6. Bg2 c6 7.
Ne2 Nd7 8. O-O Nf6 9. b3 h5 10. h4 Ng4 11. c4 dxc4 12. bxc4 g5 13. c5 Bc7 14. d5 cxd5 15. Nbc3 gxh4 16. Nxd5 hxg3 17.
fxg3 h4 18. e4 hxg3 19. exf5 Be5 20. Qa4+ Kf8 21. Qxg4 Rh4 22. Qf3 Qg5 23. Nef4 Bd4+ 24. Ne3 Rxf4 25. Qxf4 Bxe3+ 0-1

[Event "*** Titled Tuesday Blitz"]
[Site "Chess.com"]
[Date "2020.04.07"]
[Round "4"]
[White "suyu28"]
[Black "Supelyel"]
[Result "1-0"]
[WhiteElo "2495"]
[BlackElo "2368"]
[TimeControl "180+1"]
[EndTime "13:39:08 PDT"]
[Termination "suyu28 won by resignation"]

1. e4 c5 2. Nf3 Nc6 3. d4 cxd4 4. Nxd4 Nf6 5. Nc3 d6 6. Be2 e6 7. O-O Be7 8. Be3 O-O 9. f4 Bd7 10. a3 a6 11. Bd3 Qc7 12. Qf3 Rac8 13. Rae1 b5 14.
Nxc6 Bxc6 15. Qh3 e5 16. fxe5 dxe5 17. Nd5 Bxd5 18. exd5 e4 19. Be2 Nxd5 20. Bd4 Nf4 21. Qg4 Nxe2+ 22. Rxe2 g6 23. Qxe4 Bc5 24. Kh1 Bxd4 25.
Qxd4 Rfd8 26. Qf6 Rd6 27. Qg5 Rc6 28. Re7 Qd6 29. Rexf7 Rc5 30. Qh6 1-0

[Event "*** Titled Tuesday Blitz"]
[Site "Chess.com"]
[Date "2020.04.07"]
[Round "4"]
[White "Manukyan_Artak"]
[Black "Perecke"]
[Result "0-1"]
[WhiteElo "2402"]
[BlackElo "2155"]
[TimeControl "180+1"]
[EndTime "13:39:09 PDT"]
[Termination "Perecke won by resignation"]

1. e4 e5 2. Nf3 Nc6 3. d4 exd4 4. Nxd4 Bc5 5. Nxc6 Qf6 6. Qf3 dxc6 7. Bc4 Be6 8.
Bxe6 Qxe6 9. O-O O-O-O 10. Nc3 Ne7 11. Be3 Bxe3 12. Qxe3 Kb8 13. Rad1 f6 14. Rd2 Rd6 15. Rfd1 Rhd8 16. g3 f5 17. e5 Rxd2 18. Rxd2 Rxd2 19. Qxd2 Qxe5 20. Qd8+ Nc8 21. Kg2 b6 22. Qd7 Kb7 23.
h4 Nd6 24. h5 Nc4 25. h6 gxh6 26. Qxh7 Nxb2 27. Nb1 Qe4+ 28. Kh2 Qxc2 29. Qxh6 Qxb1 30. Qf4 Qe4 31. Qxe4 fxe4 32. g4 Kc8 33. Kg3 Kd7 34.
Kf4 Nd1 35. g5 Ke6 36. Kxe4 Nxf2+ 37. Kd4 Kf5 0-1

[Event "*** Titled Tuesday Blitz"]
[Site "Chess.com"]
[Date "2020.04.07"]
[Round "4"]
[White "AshotParvanyan"]
[Black "fpawn"]
[Result "1-0"]
[WhiteElo "2525"]
[BlackElo "2291"]
[TimeControl "180+1"]
[EndTime "13:39:10 PDT"]
[Termination "AshotParvanyan won by resignation"]

1. d4 f5 2. c4 Nf6 3. g3 g6 4. Bg2 Bg7 5. Nf3 d6 6. O-O O-O 7. Nc3 Qe8 8. d5 Na6 9. Nd4 Bd7 10. a3 c5 11. Ne6 Bxe6 12. dxe6 Qc8 13. Nd5 Nxd5 14.
cxd5 b5 15. h4 b4 16. h5 Qb7 17. Bf3 Nc7 18. Kg2 a5 19. hxg6 hxg6 20. Rh1 Ne8 21. Bh6 Nf6 22. Qd2 Ne4 23. Bxe4 fxe4 24. Bxg7 Kxg7 25.
Qh6+ Kf6 26. Qh4+ Kg7 27. Qh7+ Kf6 28. Rh6 Ke5 29. Rd1 Rf6 30. Rxg6 Rxg6 31. Qxg6 Rf8 32. f4+ exf3+ 33. exf3 1-0

[Event "*** Titled Tuesday Blitz"]
[Site "Chess.com"]
[Date "2020.04.07"]
[Round "4"]
[White "tonyq11"]
[Black "Viuvanegra"]
[Result "1-0"]
[WhiteElo "2275"]
[BlackElo "1941"]
[TimeControl "180+1"]
[EndTime "13:39:10 PDT"]
[Termination "tonyq11 won on time"]

1. d4 d5 2. c4 e6 3. Nc3 Be7 4. Bf4 Nf6 5. e3 O-O 6. Nf3 b6 7. h3 Bb7 8. Rc1 c5 9. Be2 Nc6 10.
O-O cxd4 11. exd4 Rc8 12. b3 h6 13. Bd3 Nb4 14. Be2 dxc4 15. bxc4 Ne4 16. Nxe4 Bxe4 17. Qa4 Nc6 18. Rfd1 Qe8 19. d5 Na5 20. Qxe8 Rfxe8 21. d6 Bxd6 22. Rxd6 Nc6 23. Ne5 1-0